 Dungeon Crawl Stone Soup version 0.28.0-53-g5a82cb258f (webtiles) character file.

Game seed: 8478644461130484923

8 jjjjhere the Sneak (level 2, -4/27 HPs)
             Began as a Deep Dwarf Delver on July 16, 2022.
             Splashed by a jelly's acid (8 damage)
             ... on level 5 of the Dungeon.
             The game lasted 00:00:56 (182 turns).

jjjjhere the Sneak (Deep Dwarf Delver)               Turns: 182, Time: 00:00:56

Health: -4/27      AC: -13   Str: 15    XL:     2   Next: 0%
Magic:  1/1        EV: 12    Int: 10    God:
Gold:   0          SH:  0    Dex: 14    Spells: 1/1 levels left

rFire   . . .      SeeInvis .   a - +0 hand axe
rCold   . . .      Faith    .   (no shield)
rNeg    . . .      Spirit   .   b - +0 leather armour
rPois   .          Reflect  .   (no helmet)
rElec   .          Harm     .   (no cloak)
rCorr   .          Rampage  .   (no gloves)
Will    .....                   (no boots)
Stlth   +++.......              (no amulet)
HPRegen 0.00/turn               (no ring)
MPRegen 0.07/turn               (no ring)

@: corroded
A: damage resistance, heal wounds, sense surroundings 1, no regeneration
a: Heal Wounds


You were on level 5 of the Dungeon.
You visited 1 branch of the dungeon, and saw 1 of its levels.

Inventory:

Hand Weapons
 a - a +0 hand axe (weapon)
Armour
 b - a +0 leather armour (worn)
Wands
 g - a wand of digging (3)
Scrolls
 c - a scroll of fog
 d - a scroll of magic mapping
 e - a scroll of fear


   Skills:
 + Level 2.9 Fighting
 * Level 2.7 Axes
 - Level 2.1 Dodging
 - Level 6.0 Stealth


You had one spell level left.
You didn't know any spells.
Your spell library was empty.

Dungeon Overview and Level Annotations

Branches:
Dungeon (5/15)
 Temple: D:4-7

Altars:

Annotations:
D:5 Dowan, Duvessa


Innate Abilities, Weirdness & Mutations

You are resistant to damage.
You can heal yourself by infusing magical energy.
You passively map a small area around you.
You do not regenerate.


Message History

You hit the jelly.
Your hands burn!
The jelly is almost dead.
You hit the iguana but do no damage. The jelly hits you. The acid corrodes you!
You are splashed with acid!
* * * LOW HITPOINT WARNING * * *
The iguana barely misses you. The jelly closely misses you.
You feel much better. The iguana closely misses you. The jelly hits you.
You are splashed with acid.
You hit the jelly but do no damage. The acid corrodes you!
Your hands burn!
The jelly is almost dead.
You hit the iguana but do no damage.
The iguana hisses menacingly.
The iguana bites you. The jelly hits you.
You are splashed with acid.
You barely miss the jelly.
The jelly is almost dead.
You hit the iguana but do no damage. The iguana closely misses you.
The jelly barely misses you.
You hit the jelly but do no damage.
Your hands burn!
* * * LOW HITPOINT WARNING * * *
The jelly is almost dead.
You barely miss the iguana. The iguana barely misses you. The jelly hits you.
The acid corrodes you!
You are splashed with acid.
* * * LOW HITPOINT WARNING * * *
The iguana bites you.
* * * LOW HITPOINT WARNING * * *
You feel much better. The jelly hits you. The acid corrodes you!
You are splashed with acid!
The iguana bites you.
You hit the jelly but do no damage.
Your hands burn!
The jelly is almost dead.
You hit the iguana but do no damage. The jelly barely misses you.
The iguana bites you!
* * * LOW HITPOINT WARNING * * *
You hit the jelly but do no damage.
Your hands burn!
* * * LOW HITPOINT WARNING * * *
The jelly is almost dead.
You hit the iguana but do no damage. The jelly hits you. The acid corrodes you!
You are splashed with acid.
* * * LOW HITPOINT WARNING * * *
The iguana barely misses you. The jelly hits you.
You are splashed with acid!
You die...

#...# , * #...# *
#. #...# * #.
#...# * #. #...#
#. #####...###.#
#. #Z........).#
#.
#J###...#########.
#@# ##..J...J.....
#l# #.$.########.
#.# #...# #... #.#
#.:.# *#.## #.#
#...., ...* #.#
#.#.## ### *, #.#
#?#.# , , #.#
#o... , , * **


You could see an iguana, a jelly and a water moccasin skeleton.

Vanquished Creatures
  A white imp (D:5)
  A quokka (D:5)
2 creatures vanquished.

Notes
Turn   | Place    | Note
-------+----------+-------------------------------------------
     0 | D:5      | jjjjhere the Deep Dwarf Delver began the quest for the Orb.
     0 | D:5      | Reached XP level 1. HP: 20/20 MP: 1/1
    18 | D:5      | Noticed a jelly
   116 | D:5      | Reached XP level 2. HP: 10/27 MP: 2/2
   137 | D:5      | Noticed Duvessa
   137 | D:5      | Noticed Dowan
   175 | D:5      | HP: 5/27 [acid (6)]
   179 | D:5      | HP: 1/27 [iguana (3)]
   182 | D:5      | Splashed by a jelly's acid

Illustrated notes

Levels and vault maps discovered:
D:5:      gammafunk_wand_slinger, layout_basic, zin_statuary,
          overflow_temple_1_default, minmay_temple_entry_poolview,
          gammafunk_ghost_smash, uniq_duvessa

Action                   || total
-------------------------++-------
Melee: Hand axe          ||    19
 Abil: Heal Wounds       ||     3
  Use: Potion            ||     1
Armor: Leather armour    ||     2
Dodge: Dodged            ||    17
